 Dungeon Crawl Stone Soup version 0.30-b1-2-g02819fbbbe (webtiles) character file.

Game seed: 9906740939913745097

130 gruber the Skirmisher (level 5, -5/30 HPs)
             Began as a Kobold Hunter on Jan 17, 2024.
             Slain by an ice beast (12 damage)
             ... on level 3 of the Dungeon.
             The game lasted 00:01:26 (2226 turns).

gruber the Skirmisher (Kobold Hunter)               Turns: 2226, Time: 00:01:26

Health: -5/30      AC:  3    Str:  8    XL:     5   Next: 36%
Magic:  5/5        EV: 14    Int: 11    God:
Gold:   108        SH:  0    Dex: 20    Spells: 4/4 levels left

rFire   . . .        a - +0 shortbow
rCold   . . .        (shield currently unavailable)
rNeg    . . .        c - +0 leather armour
rPois   .            (no helmet)
rElec   .            (no cloak)
rCorr   .            (no gloves)
SInv    .            (no boots)
Will    .....        (no amulet)
Stlth   +++          (no ring)
HPRegen 0.25/turn    (no ring)
MPRegen 0.09/turn

%: no passive effects
@: no status effects
A: small, no large weapons, nightstalker 3
a: no special abilities


You were on level 3 of the Dungeon.
You visited 1 branch of the dungeon, and saw 3 of its levels.

You collected 108 gold pieces.

Inventory:

Hand Weapons
 a - a +0 shortbow (weapon)
Armour
 c - a +0 leather armour (worn)
Jewellery
 q - a ring of protection from fire
Scrolls
 b - 2 scrolls of immolation
 d - 2 scrolls of identify {unknown}
 e - a scroll of magic mapping {unknown}
 h - a scroll of noise {unknown}
 j - 2 scrolls of poison {unknown}
 l - a scroll of enchant armour {unknown}
 o - 2 scrolls of teleportation {unknown}
 r - a scroll of summoning {unknown}
Potions
 f - 2 potions of ambrosia {unknown}
 g - 2 potions of berserk rage {unknown}
 i - a potion of resistance {unknown}
 k - 2 potions of attraction {unknown}
 m - a potion of degeneration {unknown}
 n - a potion of lignification {unknown}
 p - a potion of curing {unknown}
 s - 2 potions of haste {unknown}


   Skills:
 - Level 2.1 Fighting
 + Level 8.3 Ranged Weapons
 - Level 2.4 Dodging
 - Level 1.3 Stealth


You had 4 spell levels left.
You didn't know any spells.
Your spell library was empty.

Dungeon Overview and Level Annotations

Branches:
Dungeon (3/15)

Altars:
Hepliaklqana
Ru


Innate Abilities, Weirdness & Mutations

You are small and have problems with some larger weapons.
You are completely attuned to the shadows.


Message History

You shoot an arrow. The arrow barely misses the ice beast.
You shoot an arrow. The arrow hits the ice beast.
The ice beast is moderately wounded.
The ice beast hits you. The ice beast freezes you.
You shoot an arrow. The arrow closely misses the ice beast.
The ice beast closely misses you. The ice beast misses you.
Unknown command.
You shoot an arrow.
The arrow hits the ice beast but does no damage.
The ice beast is moderately wounded.
The ice beast hits you. The ice beast freezes you!
* * * LOW HITPOINT WARNING * * *
Unknown command.
You are too injured to fight recklessly!
Unknown command.
You are too injured to fight recklessly!
You are too injured to fight recklessly!
Unknown command.
Fire: a) +0 shortbow
Press: ? - help, Q - select action Shift-Dir - straight line, f/p - ice beast
Aim: an ice beast (moderately wounded, 67% to hit)
You shoot an arrow. The arrow hits the ice beast!
The ice beast is heavily wounded.
The ice beast closely misses you.
Unknown command.
Fire: a) +0 shortbow
Press: ? - help, Q - select action Shift-Dir - straight line, f/p - ice beast
Aim: an ice beast (heavily wounded, 67% to hit)
You shoot an arrow. The arrow hits the ice beast!
The ice beast is severely wounded.
The ice beast completely misses you.
Unknown command.
Fire: a) +0 shortbow
Press: ? - help, Q - select action Shift-Dir - straight line, f/p - ice beast
Aim: an ice beast (severely wounded, 67% to hit)
You shoot an arrow. The arrow barely misses the ice beast.
The ice beast hits you.
* * * LOW HITPOINT WARNING * * *
The ice beast freezes you!
You die...

..#.##### # #
##.#######
#......Y@##### .
#...####.#...#
.#....
.............#
......
#...########.###
....# #..#
#...#...# ....#
#._.###.# ....#
#§§§# #.# #...#
##§####.# #..##
..# #§#.##.#


You could see an ice beast.

Vanquished Creatures
  3 adders
  A shadow imp (D:3)
  A worm (D:2)
  3 dart slugs
  14 orcs
  3 bats
  6 endoplasms
  4 giant cockroaches
  5 hobgoblins
  5 kobolds
  A quokka (D:2)
  5 ball pythons
  4 frilled lizards
  7 goblins
  8 rats
70 creatures vanquished.

Notes
Turn   | Place    | Note
-------+----------+-------------------------------------------
     0 | D:1      | gruber the Kobold Hunter began the quest for the Orb.
     0 | D:1      | Reached XP level 1. HP: 12/12 MP: 1/1
    70 | D:1      | Reached XP level 2. HP: 14/17 MP: 2/2
    72 | D:1      | Reached skill level 6 in Ranged Weapons
   246 | D:1      | Reached XP level 3. HP: 21/21 MP: 3/3
   655 | D:2      | Reached skill level 7 in Ranged Weapons
   734 | D:2      | Reached XP level 4. HP: 16/26 MP: 4/4
  1452 | D:3      | Reached XP level 5. HP: 24/30 MP: 5/5
  1539 | D:3      | Reached skill level 8 in Ranged Weapons
  1579 | D:3      | Identified the +2 robe of Hitej {-Cast rC+ rCorr}
  1822 | D:3      | Found a sacrificial altar of Ru.
  2181 | D:3      | Found a hazy altar of Hepliaklqana.
  2212 | D:3      | Noticed an ice beast
  2226 | D:3      | Slain by an ice beast

Illustrated notes

Levels and vault maps discovered:
D:1:      dpeg_arrival_orchard, layout_basic
D:2:      layout_rooms, eino_tiny_chamber, minmay_goblin_outpost
D:3:      layout_loops_corners, nzn_hepliaklqana_mist_gate,
          mainiacjoe_overflow_chevrons

Skill      XL: |  1  2  3  4  5 |
---------------+----------------+-----
Ranged Weapons | 6 7 8 |  8.3
Fighting       | |  2.1
Dodging        | |  2.4
Stealth        | |  1.3

Action                     |  1- 3 |  4- 6 || total
---------------------------+-------+-------++-------
   Fire: Shortbow          |    78 |   103 ||   181
 Armour: Leather armour    |     4 |     6 ||    10
  Dodge: Dodged            |    18 |    41 ||    59
